IL
COLORADO SPRINGS SKY SOX @ GWINNETT BRAVES
08/08/2048
 
TOP OF THE 1ST
Colorado Springs Sky Sox batting - Pitching for Gwinnett Braves : LHP Kyle Foster
Pitching: LHP Kyle Foster
Batting: RHB Juan Figueroa 0-0: Foul Ball, location: 2F
0-1: Ball
1-1: Foul Ball, location: 2F
1-2: Ball
2-2: Ball
3-2: Fly out, F6 (Flyball, 6MD, EV 87.5 MPH)
Batting: LHB Steve Gilliam 0-0: Foul Ball, location: 2F
0-1: Ball
1-1: Foul Ball, location: 2F
1-2: SOLO HOME RUN (Flyball, 89XD, EV 103.1 MPH), Distance : 396 ft
Batting: RHB Mike McElroy 0-0: Called Strike
0-1: Ball
1-1: Called Strike
1-2: Ball
2-2: Ball
3-2: SINGLE (Line Drive, 9S, EV 108.1 MPH)
Batting: RHB Maurice Moore 0-0: Called Strike
0-1: Fielders Choice at 2nd, 4-6 (Groundball, 34, EV 104.4 MPH)
Batting: RHB Eduardo Camacho 0-0: Foul Ball, location: 2F
0-1: Ball
Maurice Moore steals 2nd base
1-1: Foul Ball, location: 2F
1-2: Fly out, F8 (Flyball, 8LS, EV 76.2 MPH)
Top of the 1st over - 1 run, 2 hits, 0 errors, 1 left on base; Colorado Springs 1 - Gwinnett 0
BOTTOM OF THE 1ST
Gwinnett Braves batting - Pitching for Colorado Springs Sky Sox : LHP Steve Ransom
Pitching: LHP Steve Ransom
Batting: RHB Alex Munoz 0-0: Ball
1-0: Ground out 6-3 (Groundball, 6, EV 107.5 MPH)
Batting: LHB Chris Locklear 0-0: Ball
1-0: Ball
2-0: Ball
3-0: Base on Balls
Batting: LHB Evan Torraville 0-0: Ball
1-0: SINGLE (Groundball, 4M, EV 106.2 MPH) (infield hit)
Chris Locklear to second
Batting: SHB Brian Bagley 0-0: Ball
1-0: Called Strike
1-1: Grounds into double play, 6-4-3 (Groundball, 6, EV 88.8 MPH)
Bottom of the 1st over - 0 runs, 1 hit, 0 errors, 1 left on base; Colorado Springs 1 - Gwinnett 0
TOP OF THE 2ND
Colorado Springs Sky Sox batting - Pitching for Gwinnett Braves : LHP Kyle Foster
Batting: SHB Jamie Mims 0-0: Swinging Strike
0-1: Ball
1-1: Fly out, F9 (Flyball, 9D, EV 97.5 MPH)
Batting: LHB Michael Krott 0-0: Called Strike
0-1: Ball
1-1: Swinging Strike
1-2: Ball
2-2: Ground out U3 (Groundball, 3L, EV 87.5 MPH)
Batting: LHB Luke Coulter 0-0: SINGLE (Groundball, 56S, EV 65.0 MPH) (infield hit)
Batting: RHB John Stevenson 0-0: Foul Ball, location: 2F
0-1: Fielders Choice at 2nd, 6-4 (Groundball, 6, EV 82.5 MPH)
Top of the 2nd over - 0 runs, 1 hit, 0 errors, 1 left on base; Colorado Springs 1 - Gwinnett 0
BOTTOM OF THE 2ND
Gwinnett Braves batting - Pitching for Colorado Springs Sky Sox : LHP Steve Ransom
Batting: SHB Bob Morales 0-0: Ball
1-0: Fly out, F9 (Flyball, 9, EV 88.1 MPH)
Batting: RHB Mike Meeker 0-0: Ground out 6-3 (Groundball, 6S, EV 78.8 MPH)
Batting: RHB John Peterson 0-0: Ball
1-0: Foul Ball, location: 2F
1-1: Ball
2-1: Ground out 4-3 (Groundball, 4, EV 83.1 MPH)
Bottom of the 2nd over - 0 runs, 0 hits, 0 errors, 0 left on base; Colorado Springs 1 - Gwinnett 0
TOP OF THE 3RD
Colorado Springs Sky Sox batting - Pitching for Gwinnett Braves : LHP Kyle Foster
Batting: RHB Juan Figueroa 0-0: Ball
1-0: Ball
2-0: Ground out 6-3 (Groundball, 6, EV 85.0 MPH)
Batting: LHB Steve Gilliam 0-0: Called Strike
0-1: Ball
1-1: Fly out, F7 (Flyball, 78S, EV 92.5 MPH)
Batting: RHB Mike McElroy 0-0: Ball
1-0: Swinging Strike
1-1: Called Strike
1-2: Ball
2-2: Foul Ball, location: 2F
2-2: Strikes out looking
Top of the 3rd over - 0 runs, 0 hits, 0 errors, 0 left on base; Colorado Springs 1 - Gwinnett 0
BOTTOM OF THE 3RD
Gwinnett Braves batting - Pitching for Colorado Springs Sky Sox : LHP Steve Ransom
Batting: LHB Mark Buchholz 0-0: Ball
1-0: Ball
2-0: Ball
3-0: Called Strike
3-1: Called Strike
3-2: Foul Ball, location: 2F
3-2: Fly out, F5 (Popup, 5F, EV 68.8 MPH)
Batting: RHB Dave Nickerson 0-0: Ball
1-0: Swinging Strike
1-1: Ground out 6-3 (Groundball, 6, EV 92.5 MPH)
Batting: RHB Alex Munoz 0-0: Called Strike
0-1: Ball
1-1: Foul Ball, location: 2F
1-2: Ball
2-2: Strikes out looking
Bottom of the 3rd over - 0 runs, 0 hits, 0 errors, 0 left on base; Colorado Springs 1 - Gwinnett 0
TOP OF THE 4TH
Colorado Springs Sky Sox batting - Pitching for Gwinnett Braves : LHP Kyle Foster
Batting: RHB Maurice Moore 0-0: Foul Ball, location: 2F
0-1: SINGLE (Groundball, 56S, EV 76.2 MPH) (infield hit)
Batting: RHB Eduardo Camacho 0-0: Ball
1-0: Called Strike
1-1: SINGLE (Groundball, 25, EV 73.1 MPH) (infield hit)
Maurice Moore to second
Batting: SHB Jamie Mims 0-0: DOUBLE (Groundball, 5L, EV 103.1 MPH)
Maurice Moore scores
Eduardo Camacho to third
Runner from 3rd tries for Home, SAFE, no throw by LF
Batting: LHB Michael Krott 0-0: SINGLE (Groundball, 34D, EV 94.4 MPH)
Jamie Mims to third
Batting: LHB Luke Coulter 0-0: Swinging Strike
0-1: Ball
1-1: SINGLE (Groundball, 56D, EV 94.4 MPH)
Jamie Mims scores
Michael Krott to second
Batting: RHB John Stevenson 0-0: Ball
1-0: Foul Ball, location: 2F
1-1: Ball
2-1: Foul Ball, location: 2F
2-2: Ball
3-2: Base on Balls
Michael Krott to third
Luke Coulter to second
Batting: RHB Juan Figueroa 0-0: Called Strike
0-1: Ball
1-1: Grounds into double play, 4-6-3 (Groundball, 4, EV 105.6 MPH)
Michael Krott scores
Luke Coulter to third
Batting: LHB Steve Gilliam 0-0: Called Strike
0-1: Foul Ball, location: 2F
0-2: Ball
1-2: Ground out 6-3 (Groundball, 6, EV 90.6 MPH)
Top of the 4th over - 4 runs, 5 hits, 0 errors, 1 left on base; Colorado Springs 5 - Gwinnett 0
BOTTOM OF THE 4TH
Gwinnett Braves batting - Pitching for Colorado Springs Sky Sox : LHP Steve Ransom
Batting: LHB Chris Locklear 0-0: Ball
1-0: Foul Ball, location: 2F
1-1: Ball
2-1: Foul Ball, location: 2F
2-2: SINGLE (Groundball, 34D, EV 106.9 MPH)
Batting: LHB Evan Torraville 0-0: Ball
1-0: Fielders Choice at 2nd, 4-6 (Groundball, 4MS, EV 82.5 MPH)
Batting: SHB Brian Bagley 0-0: Called Strike
Evan Torraville steals 2nd base
0-1: Ball
1-1: Called Strike
1-2: Ball
2-2: Ball
3-2: Base on Balls
Batting: SHB Bob Morales 0-0: SINGLE (Line Drive, 6MD, EV 101.9 MPH)
Evan Torraville to third
Brian Bagley to second
Runner from 3rd tries for Home, SAFE, throw by CF to home
Batting: RHB Mike Meeker 0-0: Called Strike
0-1: Ball
1-1: Ball
2-1: Fielders Choice at 2nd, 6-4 (Groundball, 56, EV 83.1 MPH)
Brian Bagley to third
Batting: RHB John Peterson 0-0: Ball
1-0: Foul Ball, location: 2F
1-1: Called Strike
1-2: Fly out, F8 (Flyball, 8LXD, EV 110.0 MPH)
Bottom of the 4th over - 1 run, 2 hits, 0 errors, 2 left on base; Colorado Springs 5 - Gwinnett 1
TOP OF THE 5TH
Colorado Springs Sky Sox batting - Pitching for Gwinnett Braves : LHP Kyle Foster
Batting: RHB Mike McElroy 0-0: Foul Ball, location: 2F
0-1: Ball
1-1: Called Strike
1-2: Ball
2-2: Ground out U3 (Groundball, 34, EV 95.0 MPH)
Batting: RHB Maurice Moore 0-0: Foul Ball, location: 2F
0-1: Swinging Strike
0-2: Ball
1-2: Ball
2-2: Strikes out swinging
Batting: RHB Eduardo Camacho 0-0: Called Strike
0-1: Called Strike
0-2: Strikes out swinging
Top of the 5th over - 0 runs, 0 hits, 0 errors, 0 left on base; Colorado Springs 5 - Gwinnett 1
BOTTOM OF THE 5TH
Gwinnett Braves batting - Pitching for Colorado Springs Sky Sox : LHP Steve Ransom
Batting: LHB Mark Buchholz 0-0: Ball
1-0: Ball
2-0: Called Strike
2-1: SINGLE (Groundball, 4MD, EV 104.4 MPH)
Batting: RHB Dave Nickerson 0-0: Fielders Choice at 2nd, 5-4 (Groundball, 56, EV 83.1 MPH)
Batting: RHB Alex Munoz 0-0: SINGLE (Groundball, 6M, EV 80.0 MPH) (infield hit)
Dave Nickerson to second
Batting: LHB Chris Locklear 0-0: Called Strike
0-1: Fly out, F7 (Flyball, 78D, EV 102.5 MPH)
Batting: LHB Evan Torraville 0-0: Called Strike
0-1: Fly out, F7 (Flyball, 7, EV 87.5 MPH)
Bottom of the 5th over - 0 runs, 2 hits, 0 errors, 2 left on base; Colorado Springs 5 - Gwinnett 1
TOP OF THE 6TH
Colorado Springs Sky Sox batting - Pitching for Gwinnett Braves : LHP Kyle Foster
Pitching: RHP Steve Dripps
Batting: SHB Jamie Mims 0-0: Ball
1-0: Foul Ball, location: 2F
1-1: Swinging Strike
1-2: Reached on error, E4 (Groundball, 4, EV 104.4 MPH)
Batting: LHB Michael Krott 0-0: Fielders Choice at 2nd, 4-6 (Groundball, 4M, EV 100.0 MPH)
Batting: LHB Luke Coulter 0-0: Ball
1-0: Swinging Strike
1-1: Fly out, F8 (Line Drive, 8RD, EV 92.5 MPH)
Batting: RHB John Stevenson 0-0: Ball
1-0: Swinging Strike
1-1: Ball
2-1: Ball
Michael Krott is caught stealing 2nd base 2-4
Top of the 6th over - 0 runs, 0 hits, 1 error, 0 left on base; Colorado Springs 5 - Gwinnett 1
BOTTOM OF THE 6TH
Gwinnett Braves batting - Pitching for Colorado Springs Sky Sox : LHP Steve Ransom
Batting: SHB Brian Bagley 0-0: Ball
1-0: Ball
2-0: Called Strike
2-1: Swinging Strike
2-2: Ball
3-2: Base on Balls
Batting: SHB Bob Morales 0-0: Called Strike
0-1: Ball
1-1: Ball
2-1: Foul Ball, location: 2F
2-2: Foul Ball, location: 2F
2-2: Foul Ball, location: 2F
2-2: Strikes out looking
Batting: RHB Mike Meeker 0-0: SINGLE (Groundball, 6D, EV 104.4 MPH)
Brian Bagley to second
Batting: RHB John Peterson 0-0: Called Strike
0-1: Called Strike
0-2: Ball
1-2: Ball
2-2: Ball
3-2: Base on Balls
Brian Bagley to third
Mike Meeker to second
Batting: LHB Mark Buchholz 0-0: Ball
1-0: Ball
2-0: Called Strike
2-1: Fly out, F8 (Flyball, 8RM, EV 85.6 MPH)
Runner from 3rd tags up, SCORES, throw by CF
Batting: RHB Dave Nickerson 0-0: Called Strike
0-1: Ball
1-1: Fly out, F7 (Flyball, 7S, EV 87.5 MPH)
Bottom of the 6th over - 1 run, 1 hit, 0 errors, 2 left on base; Colorado Springs 5 - Gwinnett 2
TOP OF THE 7TH
Colorado Springs Sky Sox batting - Pitching for Gwinnett Braves : RHP Steve Dripps
Batting: RHB John Stevenson 0-0: Fly out, F8 (Flyball, 89M, EV 86.9 MPH)
Batting: RHB Juan Figueroa 0-0: Ground out U3 (Groundball, 34, EV 103.1 MPH)
Batting: LHB Steve Gilliam 0-0: Ball
1-0: Ball
2-0: Ball
3-0: Called Strike
3-1: Called Strike
3-2: Ground out U3 (Groundball, 3, EV 86.9 MPH)
Top of the 7th over - 0 runs, 0 hits, 0 errors, 0 left on base; Colorado Springs 5 - Gwinnett 2
BOTTOM OF THE 7TH
Gwinnett Braves batting - Pitching for Colorado Springs Sky Sox : LHP Steve Ransom
Batting: RHB Alex Munoz 0-0: Ball
1-0: Ball
2-0: Ground out 5-3 (Groundball, 56S, EV 84.4 MPH)
Batting: LHB Chris Locklear 0-0: Swinging Strike
0-1: Ball
1-1: Ball
2-1: Ground out 4-3 (Groundball, 4, EV 85.6 MPH)
Batting: LHB Evan Torraville 0-0: Called Strike
0-1: Foul Ball, location: 2F
0-2: Strikes out swinging
Bottom of the 7th over - 0 runs, 0 hits, 0 errors, 0 left on base; Colorado Springs 5 - Gwinnett 2
TOP OF THE 8TH
Colorado Springs Sky Sox batting - Pitching for Gwinnett Braves : RHP Steve Dripps
Batting: RHB Mike McElroy 0-0: Swinging Strike
0-1: Swinging Strike
0-2: Ball
1-2: Ball
2-2: Strikes out swinging
Batting: RHB Maurice Moore 0-0: Ball
1-0: Ball
2-0: Called Strike
2-1: DOUBLE (Groundball, 5L, EV 100.0 MPH)
Batting: RHB Eduardo Camacho 0-0: Ball
1-0: Called Strike
1-1: Foul Ball, location: 2F
1-2: Strikes out swinging
Batting: SHB Jamie Mims 0-0: Ball
1-0: Called Strike
1-1: Ground out 1-3 (Groundball, 15S, EV 68.8 MPH)
Top of the 8th over - 0 runs, 1 hit, 0 errors, 1 left on base; Colorado Springs 5 - Gwinnett 2
BOTTOM OF THE 8TH
Gwinnett Braves batting - Pitching for Colorado Springs Sky Sox : LHP Steve Ransom
Pitching: RHP Vas Karamyshev
Batting: SHB Brian Bagley 0-0: Ball
1-0: Foul Ball, location: 2F
1-1: Ball
2-1: Ball
3-1: Base on Balls
Batting: SHB Bob Morales 0-0: 2-RUN HOME RUN (Flyball, 8LXD, EV 104.4 MPH), Distance : 405 ft
Batting: RHB Mike Meeker 0-0: Called Strike
0-1: Ground out 6-3 (Groundball, 6, EV 79.4 MPH)
Batting: RHB John Peterson 0-0: Ball
1-0: DOUBLE (Line Drive, 89XD, EV 96.9 MPH)
Batting: LHB Mark Buchholz 0-0: Ball
1-0: Foul Ball, location: 2F
1-1: Ball
2-1: Ball
3-1: Base on Balls
Batting: RHB Dave Nickerson 0-0: Called Strike
0-1: Ball
1-1: Ball
2-1: Called Strike
2-2: Strikes out swinging
Batting: RHB Alex Munoz 0-0: Ball
1-0: Called Strike
1-1: Foul Ball, location: 2F
1-2: Ball
2-2: Ball
3-2: Fly out, F9 (Flyball, 9D, EV 97.5 MPH)
Bottom of the 8th over - 2 runs, 2 hits, 0 errors, 2 left on base; Colorado Springs 5 - Gwinnett 4
TOP OF THE 9TH
Colorado Springs Sky Sox batting - Pitching for Gwinnett Braves : RHP Steve Dripps
Batting: LHB Michael Krott 0-0: Ground out 3-1 (Groundball, 34, EV 82.5 MPH)
Batting: LHB Luke Coulter 0-0: Called Strike
0-1: Ball
1-1: Foul Ball, location: 2F
1-2: SINGLE (Groundball, 4M, EV 98.8 MPH) (infield hit)
Batting: RHB John Stevenson 0-0: Called Strike
0-1: Ball
1-1: Foul Ball, location: 2F
1-2: SINGLE (Groundball, 6, EV 98.1 MPH)
Luke Coulter to second
Batting: RHB Juan Figueroa 0-0: Fly out, F7 (Line Drive, 7S, EV 94.4 MPH)
Batting: LHB Steve Gilliam 0-0: Swinging Strike
0-1: Foul Ball, location: 2F
0-2: Ball
1-2: Ball
Wild Pitch!
Luke Coulter to third
John Stevenson to second
2-2: Ball
3-2: Ground out 4-3 (Groundball, 4M, EV 82.5 MPH)
Top of the 9th over - 0 runs, 2 hits, 0 errors, 2 left on base; Colorado Springs 5 - Gwinnett 4
BOTTOM OF THE 9TH
Gwinnett Braves batting - Pitching for Colorado Springs Sky Sox : RHP Vas Karamyshev
Pitching: RHP Jim Butler
Batting: LHB Chris Locklear 0-0: Called Strike
0-1: SINGLE (Line Drive, 34, EV 105.0 MPH)
Batting: LHB Evan Torraville 0-0: Called Strike
0-1: Ball
1-1: Ball
2-1: Foul Ball, location: 2F
2-2: Strikes out looking
Batting: SHB Brian Bagley 0-0: Called Strike
0-1: Ball
1-1: Foul Ball, location: 2F
1-2: Foul Ball, location: 2F
1-2: Grounds into double play, 4-6-3 (Groundball, 4, EV 89.4 MPH)
Bottom of the 9th over - 0 runs, 1 hit, 0 errors, 0 left on base; Colorado Springs 5 - Gwinnett 4
Tuesday, March 28th , 2023 - OOTP Baseball 23.10 Build 110